 Dungeon Crawl Stone Soup version 0.21-a0-110-g8e1637b (webtiles) character file.

1369 Ordine the Covert (level 8, -1/42 HPs)
             Began as a Spriggan Enchanter on July 8, 2017.
             Killed from afar by an electric eel (11 damage)
             ... with a bolt of electricity
             ... on level 6 of the Dungeon.
             The game lasted 00:20:08 (5299 turns).

Ordine the Covert (Spriggan Enchanter)              Turns: 5299, Time: 00:20:09

Health: -1/42      AC:  4    Str:  4    XL:     8   Next: 38%
Magic:  23/24      EV: 21    Int: 18    God:
Gold:   11         SH:  0    Dex: 17    Spells: 10/15 levels left

rFire    + . .     SeeInvis +   p - +2 dagger (venom)
rCold    . . .     Gourm    .   (shield restricted)
rNeg     . . .     Faith    .   i - +2 robe {rF+}
rPois    .         Spirit   .   (helmet restricted)
rElec    .         Reflect  .   (no cloak)
rCorr    .         Harm     .   (gloves unavailable)
MR       +....                  (boots unavailable)
Stlth    +++++.....             u - amulet of magic regeneration
HPRegen  0.14/turn              k - ring of stealth
MPRegen  0.44/turn              s - ring of magical power

@: very quick
A: unfitting armour, see invisible, herbivore 3, speed 3, slow metabolism 2
a: no special abilities


You were on level 6 of the Dungeon.
You were not hungry.

You visited 1 branch of the dungeon, and saw 6 of its levels.

You collected 220 gold pieces.
You spent 209 gold pieces at shops.

Inventory:

Hand Weapons
 p - a +2 dagger of venom (weapon)
Armour
 i - a +2 robe of fire resistance (worn)
Jewellery
 k - a ring of stealth (left hand)
 q - an uncursed ring of poison resistance
 s - a ring of magical power (right hand)
 u - an amulet of magic regeneration (around neck)
Wands
 t - a wand of iceblast (7/15)
Scrolls
 a - a scroll of fog
 e - 5 scrolls of remove curse
 h - 3 scrolls of teleportation
 l - 2 scrolls of recharging
 r - a scroll of magic mapping
Potions
 b - a potion of lignification
 g - 5 potions of heal wounds
 j - a potion of curing
 m - a potion of haste
 n - a potion of agility
 o - a potion of cancellation
 x - a potion of degeneration {unknown}
Books
 c - a book of Maledictions

   Spells                             Type                      Level
   a - Corona                         Hexes                        1
   b - Ensorcelled Hibernation        Hexes/Ice                    2
   c - Confuse                        Hexes                        3
   d - Tukima's Dance                 Hexes                        3
   e - Dazzling Spray                 Conjuration/Hexes            3
Comestibles
 d - 5 bread rations
 f - 4 royal jellies
 v - 3 fruits


   Skills:
 - Level 3.7 Fighting
 - Level 5.4 Short Blades
 + Level 5.7 Dodging
 - Level 8.3 Stealth
 - Level 4.1 Spellcasting
 + Level 6.3 Hexes


You had 10 spell levels left.
You knew the following spells:

 Your Spells              Type           Power        Failure   Level  Hunger
b - Ensorcelled Hibernat  Hex/Ice        ###...       6%          2    ##.....
c - Confuse               Hex            ####....     3%          3    ###....


Dungeon Overview and Level Annotations

Branches:
Dungeon (6/15)
 Temple: D:4-7

Altars:
Elyvilon
Gozag
Hepliaklqana
Makhleb
Trog
Vehumet
Yredelemnul
The Shining One

Shops:
D:4 (   D:5 ((%


Innate Abilities, Weirdness & Mutations

You are very small and have problems with some larger weapons.
You are too small for most types of armour.
You have supernaturally acute eyesight. (SInv)
You are a herbivore.
You cover ground extremely quickly.
You need consume almost no food.


Message History

Aim: an electric eel (chance to defeat MR: 54%)
The electric eel resists with significant effort.
The electric eel shoots out a bolt of lightning at you!
The bolt of electricity hits you!
Casting: Ensorcelled Hibernation
Confirm with . or Enter, or press ? or * to list all spells.
Aiming: Ensorcelled Hibernation
Press: ? - help, Shift-Dir - straight line, f/p - electric eel
Aim: an electric eel (chance to defeat MR: 54%)
The electric eel looks drowsy...
The electric eel shoots out a bolt of lightning at you!
The bolt of electricity misses you.
You see here a fruit.
You hit the electric eel but do no damage.
The electric eel shoots out a bolt of lightning at you!
The bolt of electricity hits you!
* * * LOW HITPOINT WARNING * * *
The electric eel shoots out a bolt of lightning at you!
The bolt of electricity hits you!
You die...

#.....<.######..##...
#...p...(p...........
#....................
#.......##..##.......
#...##..##..##..##...
#...###'##..######...
#...............#####
#..>....÷.......# ...
#...@..p........# ...
#.......######..+ ...
#..5##..##..##..# ...
#...##..##...#..##...
##...#.......#.......
#...#.......#.......
+..p.K...##..##%.†#.......
#........##..##≈;.w≈.....#
#.........#...≈≈≈≈#≈≈.#..#


You could see an electric eel, a shadow imp (wandering) and a neutral freed
slave (wandering).

Vanquished Creatures
  Pikel (D:5)
  Duvessa (D:4)
  An orc warrior (D:4)
  A phantom (D:4)
  An ogre (D:5)
  A scorpion (D:5)
  Dowan (D:4)
  2 crimson imps (D:5)
  A hound (D:6)
  An orc priest (D:4)
  A bullfrog skeleton (D:5)
  2 centaur skeletons
  2 orc wizards
  5 worker ants
  An adder (D:4)
  A shadow imp (D:5)
  2 oozes
  A worm (D:5)
  5 dart slugs
  2 leopard geckos
  5 orcs
  A ball python (D:1)
  8 bats
  6 giant cockroaches
  2 goblins
  4 hobgoblins
  6 jackals
  3 kobolds
  6 quokkas
  2 frilled lizards
  A giant cockroach zombie (D:5)
  5 rats
82 creatures vanquished.

Notes
Turn   | Place    | Note
-------+----------+-------------------------------------------
     0 | D:1      | Ordine the Spriggan Enchanter began the quest for the Orb.
     0 | D:1      | Reached XP level 1. HP: 9/9 MP: 5/5
   194 | D:1      | Reached XP level 2. HP: 2/13 MP: 4/6
   449 | D:1      | Learned a level 2 spell: Ensorcelled Hibernation
   556 | D:1      | Reached skill level 5 in Stealth
  1023 | D:1      | Reached XP level 3. HP: 12/16 MP: 8/8
  1028 | D:1      | Learned a level 3 spell: Confuse
  1324 | D:2      | Found a bloodstained altar of Trog.
  2088 | D:3      | Found a burning altar of Makhleb.
  2146 | D:3      | Found a faded altar of an unknown god.
  2170 | D:3      | Found a white marble altar of Elyvilon.
  2233 | D:3      | Found a glowing golden altar of the Shining One.
  2233 | D:3      | Found a radiant altar of Vehumet.
  2654 | D:4      | Noticed Dowan
  2655 | D:4      | Noticed Duvessa
  2659 | D:4      | Killed Dowan
  2659 | D:4      | Reached skill level 6 in Stealth
  2659 | D:4      | Reached XP level 4. HP: 21/21 MP: 9/9
  2841 | D:4      | Noticed a phantom
  3033 | D:4      | Reached XP level 5. HP: 24/24 MP: 6/10
  3178 | D:4      | Noticed an orc warrior
  3186 | D:4      | Killed an orc warrior
  3186 | D:4      | Reached skill level 5 in Short Blades
  3186 | D:4      | Reached skill level 7 in Stealth
  3186 | D:4      | Reached XP level 6. HP: 28/28 MP: 11/11
  3326 | D:4      | Found a burning altar of Makhleb.
  3340 | D:4      | Found Buretsig's Weapon Emporium.
  3707 | D:4      | Killed Duvessa
  3707 | D:4      | Reached skill level 8 in Stealth
  3819 | D:5      | Entered Level 5 of the Dungeon
  3863 | D:5      | Found Inorun's Food Shoppe.
  3866 | D:5      | Bought a bread ration for 55 gold pieces
  3866 | D:5      | Bought a bread ration for 55 gold pieces
  3866 | D:5      | Bought a bread ration for 55 gold pieces
  3907 | D:5      | Reached XP level 7. HP: 19/32 MP: 5/13
  4116 | D:5      | Reached skill level 5 in Hexes
  4192 | D:5      | Found Det Safisk's Antique Weapon Emporium.
  4194 | D:5      | Found Muhozis's Antique Weapon Boutique.
  4226 | D:5      | Reached skill level 1 in Fighting
  4406 | D:5      | Found a basalt altar of Yredelemnul.
  4683 | D:5      | Bought a royal jelly for 22 gold pieces
  4683 | D:5      | Bought a royal jelly for 22 gold pieces
  4859 | D:6      | Found a hazy altar of Hepliaklqana.
  4881 | D:6      | Found an opulent altar of Gozag.
  4940 | D:6      | Noticed Pikel
  5057 | D:5      | Killed Pikel
  5057 | D:5      | Reached skill level 5 in Dodging
  5057 | D:5      | Reached XP level 8. HP: 15/42 MP: 15/15
  5299 | D:6      | Killed from afar by an electric eel

Vault maps used:
D:1:      dpeg_arrival_fog, minmay_misc_feat_room, serial_park_tiny_2,
          hangedman_abyss_or_decor_stabs
D:2:      lightli_temple_of_fire
D:3:      elyvilon_altar_4, gammafunk_temple_overflow_pools,
          chequers_ecumenical_altar_simple, lemuel_statue_altar
D:4:      serial_shops, shop, bloody_makhleb, uniq_duvessa
D:5:      kennysheep_mini, first_bread, serial_shops, kennysheep_mini_moat,
          shop_fountains, shop
D:6:      kennysheep_slugbush, overflow_temple_1_default, old_standard_altar,
          temple_hall, uniq_pikel, uniq_edmund

Skill      XL: |  1  2  3  4  5  6  7 |
---------------+----------------------+-----
Short Blades   | 2 4 5 |  5.4
Stealth        | 5 6 7 8 |  8.3
Spellcasting   | 3 4 |  4.1
Hexes          | 4 6 |  6.3
Fighting       | 3 |  3.7
Dodging        | 5 |  5.7

Action                   |  1- 3 |  4- 6 |  7- 9 || total
-------------------------+-------+-------+-------++-------
Melee: Dagger            |   121 |    37 |    95 ||   253
 Cast: Corona            |     1 |       |       ||     1
       Ensorcelled Hiber |    12 |    19 |    18 ||    49
       Confuse           |       |     5 |     4 ||     9
  Use: Scroll            |    10 |     4 |     3 ||    17
 Stab: Sleeping          |    33 |     5 |    15 ||    53
       Confused          |       |     4 |     2 ||     6
       Distracted        |       |       |     1 ||     1
  Eat: Bread ration      |       |     1 |       ||     1
Armor: Robe              |    11 |       |     7 ||    18
Dodge: Dodged            |    75 |    22 |    55 ||   152
